 Dungeon Crawl Stone Soup version 0.21.1-1-g345015f (webtiles) character file.

21557 letownia2 the Devastator (level 12, -2/68 HPs)
             Began as a Tengu Fire Elementalist on Mar 3, 2018.
             Was a High Priest of Sif Muna.
             Killed from afar by a gargoyle (22 damage)
             ... with a stone arrow
             ... on level 12 of the Dungeon.
             The game lasted 01:07:05 (7457 turns).

letownia2 the Devastator (Tengu Fire Elementalist)  Turns: 7457, Time: 01:07:06

Health: -2/68      AC:  9    Str:  9    XL:     12   Next: 91%
Magic:  3/35       EV: 14    Int: 20    God:    Sif Muna [*****.]
Gold:   937        SH:  0    Dex: 15    Spells: 5/30 levels left

rFire    . . .     SeeInvis .   b - +4 hand axe (venom)
rCold    . . .     Gourm    .   (no shield)
rNeg     . . .     Faith    +   x - +0 leather armour
rPois    .         Spirit   .   J - +2 hat
rElec    .         Reflect  .   (no cloak)
rCorr    .         Harm     .   A - +0 pair of gloves
MR       .....                  (boots unavailable)
Stlth    ++........             e - amulet of faith
HPRegen  0.21/turn              I - ring of magical power
MPRegen  0.24/turn              P - +3 ring of protection

@: about to teleport, divine energy
A: beak, talons 3, able to fly 1
a: Fly, Stop Divine Energy, Channel Magic, Forget Spell, Renounce Religion


You were on level 12 of the Dungeon.
You worshipped Sif Muna.
Sif Muna was extremely pleased with you.
You were not hungry.

You visited 3 branches of the dungeon, and saw 16 of its levels.
You also visited: Bailey.

You collected 1237 gold pieces.
You spent 300 gold pieces at shops.

Inventory:

Hand Weapons
 b - a +4 hand axe of venom (weapon)
 c - a +0 blowgun
 d - a +0 trident of venom
 r - a +0 hand axe of electrocution
 w - a +0 shortbow of freezing
 H - a +1 hand crossbow of flaming
Missiles
 n - 22 tomahawks of returning (quivered)
 C - 51 arrows
 O - 6 curare-tipped needles
 Q - 8 poisoned needles
Armour
 x - a +0 leather armour (worn)
 A - a +0 pair of gloves (worn)
 J - a +2 hat (worn)
Magical Staves
 a - an uncursed staff of conjuration
Jewellery
 e - an amulet of faith (around neck)
 I - a ring of magical power (left hand)
 N - an uncursed ring of protection from cold
 P - a +3 ring of protection (right hand)
Wands
 t - a wand of polymorph (18)
 T - a wand of iceblast (9)
 W - a wand of random effects (11)
Scrolls
 f - 7 scrolls of remove curse
 h - a scroll of acquirement {unknown}
 i - a scroll of fear {unknown}
 o - 3 scrolls of fog
 q - 4 scrolls of teleportation
 v - a scroll of brand weapon
 y - 4 scrolls of amnesia
 D - a scroll of blinking
 E - a scroll of magic mapping
 F - a scroll of immolation {unknown}
 S - 2 scrolls of identify
 V - a scroll of summoning {unknown}
 X - 3 scrolls of enchant weapon {unknown}
Potions
 g - 3 potions of curing
 k - 2 potions of might
 m - a potion of haste
 p - 3 potions of berserk rage
 z - 2 potions of mutation
 B - a potion of flight
 G - a potion of agility {unknown}
Books
 j - a book of Clouds

   Spells                             Type                      Level
   a - Poisonous Vapours              Poison/Air                   2
   b - Mephitic Cloud                 Conjuration/Poison/Air       3
   c - Conjure Flame                  Conjuration/Fire             3
   d - Freezing Cloud                 Conjuration/Ice/Air          6
   e - Ring of Flames                 Charms/Fire                  7
 s - a book of Flames

   Spells                             Type                      Level
   a - Flame Tongue                   Conjuration/Fire             1
   b - Throw Flame                    Conjuration/Fire             2
   c - Conjure Flame                  Conjuration/Fire             3
   d - Inner Flame                    Hexes/Fire                   3
   e - Sticky Flame                   Conjuration/Fire             4
   f - Fireball                       Conjuration/Fire             5
 u - Sif Muna's Grimoire of Creative Good Luck
   (Sif Muna gifted it to you on level 12 of the Dungeon)

   Spells                             Type                      Level
   a - Spectral Weapon                Hexes/Charms                 3
   b - Summon Guardian Golem          Hexes/Summoning              3
   c - Summon Greater Demon           Summoning                    7
   d - Malign Gateway                 Summoning/Translocation      7
   e - Death's Door                   Charms/Necromancy            8
 K - a book of Necromancy

   Spells                             Type                      Level
   a - Pain                           Necromancy                   1
   b - Animate Skeleton               Necromancy                   1
   c - Vampiric Draining              Necromancy                   3
   d - Regeneration                   Charms/Necromancy            3
   e - Animate Dead                   Necromancy                   4
   f - Borgnjor's Vile Clutch         Necromancy/Earth             5
 L - a book of Power

   Spells                             Type                      Level
   a - Iskenderun's Battlesphere      Conjuration/Charms           5
   b - Venom Bolt                     Conjuration/Poison           5
   c - Bolt of Magma                  Conjuration/Fire/Earth       5
   d - Iron Shot                      Conjuration/Earth            6
   e - Orb of Destruction             Conjuration                  7
   f - Spellforged Servitor           Conjuration/Summoning        7
Comestibles
 l - 6 chunks of flesh
 M - 10 rations


   Skills:
 - Level 5.0 Fighting
 - Level 2.1 Armour
 - Level 5.1 Dodging
 - Level 2.0 Stealth
 + Level 9.8 Spellcasting
 + Level 16.4 Conjurations
 - Level 3.3 Charms
 - Level 4.4 Necromancy
 - Level 5.0 Fire Magic
 - Level 3.4 Air Magic
 + Level 6.6 Invocations


You had 5 spell levels left.
You knew the following spells:

 Your Spells              Type           Power        Failure   Level  Hunger
a - Flame Tongue          Conj/Fire      #####        1%          1    None
c - Conjure Flame         Conj/Fire      ######..     1%          3    None
e - Mephitic Cloud        Conj/Pois/Air  #####...     1%          3    None
f - Fireball              Conj/Fire      ######....   3%          5    #####..
g - Regeneration          Chrm/Necr      ####......   6%          3    None
i - Sticky Flame          Conj/Fire      ######..     1%          4    ##.....
k - Iskenderun's Battles  Conj/Chrm      #####...     4%          5    #####..
t - Animate Skeleton      Necr           N/A          1%          1    None


Dungeon Overview and Level Annotations

Branches:
Dungeon (14/15)            Temple (1/1) D:7            Lair (0/6) D:9
    Orc (1/2) D:12
 Vaults: D:13-14

Altars:
Ashenzari
Cheibriados
Dithmenos
Elyvilon
Fedhas
Gozag
Kikubaaqudgha
Makhleb
Nemelex Xobeh
Okawaru
Qazlal
Ru
Sif Muna
Trog
Uskayaw
Vehumet
Xom
Yredelemnul
Zin
The Shining One

Shops:
D:7 }   Orc:1 =

Annotations:
D:5 1994's ghost, novice GrEE
D:13 Rupert


Innate Abilities, Weirdness & Mutations

You have a beak for a mouth.
You have claws for feet.
You can fly.


Message History

The howler monkey hoots and howls with incredible vigour!
The orc wizard barely misses you.
You hear a roar!
The howler monkey hits you but does no damage.
Unknown command.
Unknown command.
The orc wizard hits you but does no damage.
Unknown command.
Your surroundings seem slightly different.
You kill the orc wizard!
Sif Muna accepts your kill.
You kill the howler monkey!
Sif Muna accepts your kill.
Unknown command.
Unknown command.
As you read the scroll of teleportation, it crumbles to dust.
You feel strangely unstable.
The gargoyle hurls a stone arrow at you.
The stone arrow hits you!
You die...

........... ..
##......#.##.###.....#
####........#.......#
................# ###
#...............#
..####...............#
#.c..................# #
#..)...............#####
†...#o.......[.[@........#
.######o.....[...........#
.....ooD.....#...........#
#.#####.....###.#..9.....#
..#...Z..................#
.....##.[##.####.....††..####
...#.##..#..# #....†.).....#
##.#.###.#.## ##....######..#
#.#.##..#.# #....### #


You could see a gargoyle.

Vanquished Creatures
  Gastronok (D:8)
  Kirke (D:14)
  A hydra (D:11)
  Erolcha (D:10)
  5 two-headed ogres
  4 unseen horrors
  2 orc knights
  An ugly thing (D:8)
  A cyclops (D:14)
  3 slime creatures (D:11)
  6 humans
  8 yaks
  3 steam dragons
  A hungry ghost (D:7)
  2 acid dragons
  3 wargs
  2 ice beasts
  11 orc warriors
  A black bear (D:10)
  2 sky beasts (D:11)
  2 phantoms
  7 centaurs
  3 ogres
  2 big kobolds
  A crocodile (D:11)
  7 bullfrogs
  2 scorpions (D:11)
  A water moccasin skeleton (D:10)
  14 killer bees
  16 wights
  5 howler monkeys
  4 crimson imps
  2 bullfrog zombies
  5 hounds
  A jelly (D:11)
  17 orc wizards
  A bullfrog skeleton (D:5)
  6 orc priests
  3 iguanas
  2 centaur skeletons
  13 worker ants
  Natasha (twice) (D:4)
  A killer bee zombie (D:5)
  A hound skeleton (D:10)
  A worker ant zombie (D:8)
  7 adders
  5 gnolls
  4 shadow imps
  2 oozes
  An adder skeleton (D:4)
  An adder zombie (D:8)
  A worm (D:4)
  3 leopard geckos
  62 orcs
  2 bats
  2 giant cockroaches
  7 goblins
  4 hobgoblins
  4 jackals
  20 kobolds
  2 quokkas
  A ball python skeleton (D:4)
  4 frilled lizards
  3 rats
  A plant (D:11)
314 creatures vanquished.

Vanquished Creatures (others)
  A shadow imp (D:13)
1 creature vanquished.

Grand Total: 315 creatures vanquished

Notes
Turn   | Place    | Note
-------+----------+-------------------------------------------
     0 | D:1      | letownia2 the Tengu Fire Elementalist began the quest for the Orb.
     0 | D:1      | Reached XP level 1. HP: 10/10 MP: 4/4
    71 | D:2      | Reached skill level 2 in Conjurations
   115 | D:2      | Found a shattered altar of Ashenzari.
   318 | D:3      | Reached XP level 2. HP: 15/15 MP: 3/6
   355 | D:3      | Reached skill level 3 in Conjurations
   445 | D:3      | Reached XP level 3. HP: 19/19 MP: 0/7
   462 | D:3      | Reached skill level 4 in Conjurations
   532 | D:3      | Learned a level 3 spell: Conjure Flame
   538 | D:3      | Reached skill level 5 in Conjurations
   538 | D:3      | Reached XP level 4. HP: 13/24 MP: 0/8
   612 | D:4      | Found an opulent altar of Gozag.
   816 | D:3      | Reached skill level 6 in Conjurations
   828 | D:2      | Gained mutation: You can fly. [Tengu growth]
   828 | D:2      | Reached XP level 5. HP: 22/28 MP: 0/9
  1110 | D:4      | Reached skill level 1 in Fighting
  1110 | D:4      | Reached skill level 1 in Armour
  1110 | D:4      | Reached XP level 6. HP: 34/34 MP: 7/10
  1201 | D:4      | Noticed Natasha
  1207 | D:4      | Killed Natasha
  1322 | D:4      | Noticed Natasha
  1328 | D:4      | Killed Natasha
  1474 | D:5      | Entered Level 5 of the Dungeon
  1548 | D:5      | Noticed 1994's ghost (novice GrEE)
  1812 | D:5      | Reached XP level 7. HP: 20/41 MP: 3/11
  1892 | D:5      | Found a shimmering altar of Xom.
  2136 | D:6      | Found a shattered altar of Ashenzari.
  2388 | D:6      | Reached skill level 5 in Dodging
  2399 | D:6      | Reached XP level 8. HP: 20/48 MP: 3/12
  2412 | D:6      | Reached skill level 5 in Fighting
  2455 | D:6      | Found an ancient bone altar of Kikubaaqudgha.
  2572 | D:6      | Reached skill level 7 in Conjurations
  2774 | D:7      | Reached skill level 8 in Conjurations
  2904 | D:7      | Found a flagged portal.
  2919 | D:7      | Learned a level 4 spell: Sticky Flame
  3033 | D:7      | Found a staircase to the Ecumenical Temple.
  3042 | Temple   | Entered the Ecumenical Temple
  3150 | Temple   | Became a worshipper of Sif Muna the Loreminder
  3237 | Bailey   | Entered a bailey
  3501 | Bailey   | Noticed an orc knight
  3588 | Bailey   | Killed an orc knight
  3588 | Bailey   | Reached * piety under Sif Muna
  3588 | Bailey   | Reached skill level 5 in Spellcasting
  3588 | Bailey   | Reached XP level 9. HP: 41/54 MP: 3/18
  3621 | Bailey   | Found a bloodstained altar of Trog.
  3629 | Bailey   | Got a thick robe
  3660 | Bailey   | Identified the +3 robe of the Tundras {-Tele rCorr Str+2 Int+4} (You found it in a bailey)
  3801 | D:7      | Found Ananuawa's Gadget Shop.
  3822 | D:7      | Reached ** piety under Sif Muna
  3860 | D:8      | Noticed Gastronok
  4062 | D:8      | Noticed a two-headed ogre
  4083 | D:8      | Killed a two-headed ogre
  4083 | D:8      | Reached skill level 10 in Conjurations
  4119 | D:8      | Reached skill level 11 in Conjurations
  4176 | D:8      | Killed Gastronok
  4176 | D:8      | Reached *** piety under Sif Muna
  4176 | D:8      | Reached skill level 13 in Conjurations
  4176 | D:8      | Reached XP level 10. HP: 26/59 MP: 6/21
  4214 | D:8      | Learned a level 5 spell: Fireball
  4275 | D:8      | Reached **** piety under Sif Muna
  4399 | D:8      | Noticed a purple ugly thing
  4466 | D:8      | Found a basalt altar of Yredelemnul.
  4508 | D:8      | Killed a purple ugly thing
  4508 | D:8      | Reached skill level 14 in Conjurations
  4508 | D:8      | Reached skill level 5 in Fire Magic
  4517 | D:8      | Noticed a two-headed ogre
  4552 | D:8      | Killed a two-headed ogre
  4575 | D:8      | Learned a level 1 spell: Animate Skeleton
  4579 | D:8      | Learned a level 3 spell: Regeneration
  4671 | D:9      | Reached ***** piety under Sif Muna
  4671 | D:9      | Reached skill level 1 in Necromancy
  4671 | D:9      | Reached skill level 1 in Charms
  4672 | D:9      | Reached XP level 11. HP: 63/63 MP: 4/22
  4680 | D:9      | Received a gift from Sif Muna
  4699 | D:9      | Found a staircase to the Lair.
  4776 | D:9      | Found a burning altar of Makhleb.
  4953 | D:9      | Found a glowing silver altar of Zin.
  5047 | D:10     | Entered Level 10 of the Dungeon
  5048 | D:10     | Noticed a two-headed ogre
  5057 | D:10     | Learned a level 5 spell: Iskenderun's Battlesphere
  5063 | D:10     | Killed a two-headed ogre
  5063 | D:10     | Reached skill level 15 in Conjurations
  5362 | D:10     | Reached skill level 1 in Invocations
  5375 | D:10     | Noticed Erolcha
  5379 | D:10     | Killed Erolcha
  5503 | D:11     | Noticed an eight-headed hydra
  5516 | D:11     | Killed an eight-headed hydra
  5571 | D:11     | Learned a level 3 spell: Mephitic Cloud
  5639 | D:11     | Killed an unseen horror
  5870 | D:11     | Noticed a two-headed ogre
  5877 | D:11     | Killed a two-headed ogre
  5980 | D:11     | Reached XP level 12. HP: 39/68 MP: 2/25
  6206 | D:12     | Identified Sif Muna's Grimoire of Creative Good Luck (Sif Muna gifted it to you on level 12 of the Dungeon)
  6206 | D:12     | Received a gift from Sif Muna
  6206 | D:12     | Reached skill level 5 in Invocations
  6374 | D:12     | Noticed a four-headed hydra
  6375 | D:12     | Reached skill level 1 in Air Magic
  6604 | D:12     | You fall through a shaft for 2 floors!
  6738 | D:14     | Noticed Kirke
  6751 | D:14     | Killed Kirke
  6805 | D:13     | Noticed a two-headed ogre
  6811 | D:13     | Killed a two-headed ogre
  6811 | D:13     | Reached skill level 16 in Conjurations
  6829 | D:13     | Noticed Rupert
  6984 | D:13     | Noticed a tengu warrior
  7294 | D:12     | Found a staircase to the Orcish Mines.
  7325 | Orc:1    | Entered Level 1 of the Orcish Mines
  7376 | Orc:1    | Found Haru's Jewellery Shoppe.
  7397 | Orc:1    | Bought an uncursed ring of magical power for 300 gold pieces
  7457 | D:12     | Killed from afar by a gargoyle

Skill      XL: |  1  2  3  4  5  6  7  8  9 10 11 12 |
---------------+-------------------------------------+-----
Conjurations   | 2 3 5 6 8 13 14 15 16 | 16.4
Fighting       | 1 3 4 5 |  5.0
Armour         | 1 2 |  2.1
Dodging        | 3 5 |  5.1
Spellcasting   | 5 7 8 9 |  9.8
Fire Magic     | 5 |  5.0
Necromancy     | 1 3 4 |  4.4
Charms         | 1 2 3 |  3.3
Invocations    | 4 6 |  6.6
Air Magic      | 3 |  3.4
Stealth        | |  2.0

Action                   |  1- 3 |  4- 6 |  7- 9 | 10-12 || total
-------------------------+-------+-------+-------+-------++-------
Melee: Dagger            |     4 |       |       |       ||     4
       Peck              |     2 |       |     1 |    26 ||    29
       Kick              |     1 |       |     7 |    37 ||    45
       Unarmed           |     1 |       |       |       ||     1
       Staff             |     2 |     1 |     3 |    11 ||    17
       Hand axe          |       |       |    25 |   148 ||   173
       Trident           |       |       |    49 |    32 ||    81
 Fire: Shortbow          |       |       |     1 |       ||     1
Throw: Tomahawk          |     2 |     3 |    16 |    15 ||    36
 Cast: Flame Tongue      |    28 |    89 |   168 |   169 ||   454
       Conjure Flame     |       |     2 |    17 |    17 ||    36
       Fireball          |       |       |       |    27 ||    27
       Sticky Flame      |       |       |       |    25 ||    25
       Iskenderun's Batt |       |       |       |    19 ||    19
       Regeneration      |       |       |       |    11 ||    11
       Mephitic Cloud    |       |       |       |    10 ||    10
Invok: Channel Magic     |       |       |       |     2 ||     2
       Divine Energy     |       |       |       |     1 ||     1
 Abil: Fly               |       |       |     4 |       ||     4
Evoke: Wand              |       |       |       |    12 ||    12
  Use: Scroll            |       |     5 |     1 |    15 ||    21
       Potion            |       |       |     1 |     7 ||     8
 Stab: Sleeping          |     1 |       |       |       ||     1
       Confused          |       |       |       |     3 ||     3
       Invisible         |       |       |       |     3 ||     3
  Eat: Chunk             |       |     4 |     8 |    22 ||    34
       Ration            |       |       |     1 |     1 ||     2
Armor: Robe              |    16 |     4 |       |       ||    20
       Leather armour    |       |     2 |     9 |    96 ||   107
       Skin              |       |       |       |    25 ||    25
Dodge: Dodged            |    40 |    26 |    65 |   242 ||   373
